 Dungeon Crawl Stone Soup version 0.30-a0-613-gdd512c7efb (webtiles) character file.

Game seed: 13185176015509370525

583 OTABOTABOTAB the Ruffian (level 7, 0/52 HPs)
             Began as a Black Draconian Transmuter on Jan 8, 2023.
             Slain by Pikel
             ... wielding a +2 whip of flaming
              (7 damage)
             ... on level 4 of the Dungeon.
             The game lasted 00:08:12 (3967 turns).

OTABOTABOTAB the Ruffian (DrTm)                     Turns: 3967, Time: 00:08:13

Health: 0/52       AC:  2    Str: 12    XL:     7   Next: 14%
Magic:  12/19      EV: 19    Int: 16    God:
Gold:   175        SH:  0    Dex: 16    Spells: 4/10 levels left

rFire   . . .      SeeInvis .      - Unarmed
rCold   . . .      Faith    .    (shield currently unavailable)
rNeg    + . .      Spirit   .    (body armour unavailable)
rPois   x          Reflect  .    (helmet currently unavailable)
rElec   .          Harm     .    (cloak currently unavailable)
rCorr   .          Rampage  .    (gloves currently unavailable)
Will    .....                    (boots currently unavailable)
Stlth   +                        (no amulet)
HPRegen 0.28/turn                v - ring of magical power {MP+9}
MPRegen 0.16/turn                N - ring of positive energy {rN+}

@: spider-form (expiring)
A: venomous fangs, (breathe lightning), AC +6, tiny, unfitting armour,
(electricity resistance), (cold-blooded)
a: End Transformation


You were on level 4 of the Dungeon.
You were a venomous arachnid creature.
You visited 1 branch of the dungeon, and saw 4 of its levels.

You collected 175 gold pieces.

Inventory:

Hand Weapons
 h - a +4 club (melded)
   (You took it off Jessica on level 2 of the Dungeon)
Missiles
 a - 7 poisoned darts
 g - 6 javelins
 q - 2 boomerangs
 s - 45 stones
Armour
 u - a +0 cloak (melded)
   (You took it off Crazy Yiuf on level 3 of the Dungeon)
Jewellery
 v - a ring of magical power (left front pincers) {MP+9}
   (You found it on level 3 of the Dungeon)
 N - a ring of positive energy (right front pincers) {rN+}
   (You found it on level 4 of the Dungeon)
Scrolls
 E - a scroll of fear
 V - a scroll of vulnerability {!r!r}
 Y - 3 scrolls of teleportation {@r3}
Potions
 b - 2 potions of attraction {!q}
 c - a potion of berserk rage {unknown}
 d - a potion of haste {unknown}
 f - a potion of degeneration {unknown}
 n - a potion of brilliance {unknown}
 p - 2 potions of might
 I - a potion of invisibility
 J - 2 potions of curing {@q1}
 L - a potion of flight
 M - a potion of magic
 P - 2 potions of lignification {!q}
 U - 3 potions of mutation {!q}


   Skills:
 - Level 1.1 Fighting
 - Level 1.7 Dodging
 + Level 6.1 Unarmed Combat
 - Level 2.0 Spellcasting
 + Level 5.6 Transmutations
 + Level 1.2 Poison Magic


You had 4 spell levels left.
You knew the following spells:

 Your Spells              Type           Power      Damage    Failure   Level
a - Beastly Appendage     Tmut           38%        N/A       8%          1
b - Wereblood             Tmut           19%        N/A       11%         2
c - Spider Form           Tmut/Pois      12%        N/A       34%         3

Your spell library contained the following spells:

 Spells                   Type           Power      Damage    Failure   Level
 Magic Dart               Conj           4%         1d3       41%         1
 Searing Ray              Conj           2%         2d4       52%         2
 Ice Form                 Ice/Tmut       10%        N/A       75%         4
 Fulminant Prism          Conj/Hex       0%         3d5       97%         4


Dungeon Overview and Level Annotations

Branches:
Dungeon (4/15)
 Temple: D:4-7

Altars:
Xom

Shops:
D:4 ([*

Annotations:
D:4 Pikel


Innate Abilities, Weirdness & Mutations

You are a venomous arachnid creature.
You have venomous fangs.
You are tiny and dextrous.
Your spellcasting is less reliable in this form.
Your armour is entirely melded.
You are incapable of wielding weapons or throwing items.
((You can breathe wild blasts of lightning.))
((Your glossy black scales are hard. (AC +6)))
You cannot fit into any form of body armour.
((You are resistant to electric shocks. (rElec)))
((You are cold-blooded and may be slowed by cold attacks.))


Message History

There is an entrance to Louniw's Weapon Boutique here.
Unknown command.
Found Nysom's Antique Armour Boutique.
There is an entrance to Nysom's Antique Armour Boutique here.
There is an open door here.
There is an entrance to Goamy's General Store here.
You open the door.
An endoplasm comes into view.
Found a stone staircase leading up.
An endoplasm is nearby!
Search for what [Enter for "ego", or ? for help]? altar Unknown command.
You grow a pair of large bovine horns.
Your feet morph into talons.
The endoplasm quivers.
You now have 18/19 mp.
You barely miss the endoplasm.
The endoplasm hits you but does no damage. x2
Pikel, Merchant of Souls comes into view.
He is wielding a +2 whip of flaming.
Pikel shouts!
You hit the endoplasm. You claw the endoplasm. You headbutt the endoplasm.
You kill the endoplasm!
You hear a shout! x2
No target in view!
No target in view!
A lemure comes into view.
The lemure shouts!
There is an open door here.
There is an entrance to Goamy's General Store here.
You miscast Spider Form.
You are very lightly contaminated with residual magic.
You feel odd.
You are poisoned.
You feel sick.
You take 5 damage, and have 47/52 hp.
You now have 16/19 mp.
You miscast Spider Form.
Nothing appears to happen.
You feel sick.
You take 1 damage, and have 46/52 hp.
You now have 13/19 mp.
Unknown command.
You barely miss Pikel. You claw Pikel, but do no damage.
You feel sick. Pikel closely misses you.
A lemure comes into view.
You take 2 damage, and have 44/52 hp.
You closely miss Pikel. Your headbutt misses Pikel.
You tail-slap Pikel, but do no damage.
You feel sick.
You are no longer poisoned.
Pikel hits you with a +2 whip of flaming.
Pikel burns you.
A lemure comes into view.
Pikel misses you.
You take 7 damage, and have 37/52 hp.
You closely miss Pikel.
The lemure shouts!
You claw Pikel, but do no damage. Your headbutt misses Pikel.
A lemure comes into view.
Pikel closely misses you.
You hit Pikel but do no damage. You headbutt Pikel! Pikel misses you.
You completely miss Pikel. Your kick misses Pikel. You headbutt Pikel.
You punch Pikel. Pikel barely misses you. Pikel completely misses you.
You barely miss Pikel.
Your transformation is almost over.
Pikel hits you with a +2 whip of flaming.
Pikel burns you.
You take 6 damage, and have 32/52 hp.
You hit Pikel but do no damage. Pikel hits you but does no damage.
You extend your transformation's duration.
Pikel hits you but does no damage.
You now have 13/19 mp.
Your horns disappear.
Your talons disappear.
You turn into a venomous arachnid creature.
Your +4 club melds into your body.
Your +0 cloak melds into your body.
Pikel hits you with a +2 whip of flaming!
Pikel burns you.
You take 12 damage, and have 21/52 hp.
MASSIVE DAMAGE!!
You now have 11/19 mp.
You barely miss Pikel.
Pikel hits you with a +2 whip of flaming!
* * * LOW HITPOINT WARNING * * *
Pikel burns you.
* * * LOW HITPOINT WARNING * * *
You take 10 damage, and have 11/52 hp.
You hit Pikel.
Pikel is poisoned.
Pikel barely misses you.
You hit Pikel.
Pikel looks as sick as possible!
Pikel barely misses you.
Unknown command.
You barely miss Pikel.
Your transformation is almost over.
Pikel hits you with a +2 whip of flaming!
* * * LOW HITPOINT WARNING * * *
Pikel burns you.
* * * LOW HITPOINT WARNING * * *
You take 11 damage, and have 1/52 hp.
MASSIVE DAMAGE!!
You feel better. Pikel closely misses you.
You regained 5 hp, and now have 6/52 hp.
Found a stone staircase leading down.
There is an open door here.
Your magical contamination has completely faded away.
Pikel attacks as you move away!
Pikel hits you with a +2 whip of flaming!
You die...

### #... ### #...# #.# #....####
. # #.# #...>...## .## ... # #.#
#........# ..# ... ## #.#
#......s<# #.# .... .###.#
#......#K###### #.# .... ..#..#
########∩#.)..###.##..# #....##
#####5####.##.....# #..#..##
###...555..#........# #..##..#
#.........K.....)...#
#...##.####......................
..#......).##.................#..
.####......##........###.####...#


You could see Pikel (very poisoned) and 3 lemures.

Vanquished Creatures
  Sigmund (D:2)
  A scorpion (D:4)
  A jelly (D:3)
  An orc priest (D:3)
  Crazy Yiuf (D:3)
  Jessica (D:2)
  An iguana (D:4)
  An orc wizard (D:4)
  3 gnolls (D:3)
  7 adders
  4 dart slugs
  5 orcs
  6 ball pythons
  9 bats
  9 endoplasms
  4 giant cockroaches
  7 goblins
  8 hobgoblins
  2 quokkas
  5 frilled lizards
  9 kobolds
  10 rats
96 creatures vanquished.

Notes
Turn   | Place    | Note
-------+----------+-------------------------------------------
     0 | D:1      | OTABOTABOTAB the Draconian Transmuter began the quest for
                  | the Orb.
     0 | D:1      | Reached XP level 1. HP: 16/16 MP: 3/3
   205 | D:1      | Reached XP level 2. HP: 21/23 MP: 3/5
   211 | D:1      | Learned a level 2 spell: Wereblood
   817 | D:1      | Reached XP level 3. HP: 19/28 MP: 4/6
  1107 | D:2      | Noticed Sigmund
  1132 | D:2      | Killed Sigmund
  1133 | D:2      | Reached skill level 4 in Unarmed Combat
  1133 | D:2      | Reached skill level 4 in Transmutations
  1133 | D:2      | Reached XP level 4. HP: 21/35 MP: 7/7
  1133 | D:2      | Reached XP level 5. HP: 25/40 MP: 8/8
  1317 | D:2      | Reached skill level 5 in Unarmed Combat
  1351 | D:2      | Noticed Jessica
  1361 | D:2      | Killed Jessica
  1443 | D:2      | Found a shimmering altar of Xom.
  1807 | D:2      | Learned a level 3 spell: Spider Form
  2020 | D:3      | Reached XP level 6. HP: 46/47 MP: 9/9
  2139 | D:3      | HP: 3/47 [acid (9)]
  2537 | D:3      | Reached skill level 5 in Transmutations
  2739 | D:3      | Found a runed translucent door.
  2740 | D:3      | Noticed Crazy Yiuf
  2746 | D:3      | Killed Crazy Yiuf
  3675 | D:4      | Reached skill level 6 in Unarmed Combat
  3675 | D:4      | Your scales start taking on a glossy black colour.
  3675 | D:4      | Reached XP level 7. HP: 40/52 MP: 10/10
  3675 | D:4      | Gained mutation: You are resistant to electric shocks.
                  | (rElec) [Black Draconian growth]
  3732 | D:4      | Found Goamy's General Store.
  3779 | D:4      | Reached skill level 1 in Poison Magic
  3872 | D:4      | Found Louniw's Weapon Boutique.
  3883 | D:4      | Found Nysom's Antique Armour Boutique.
  3945 | D:4      | Noticed Pikel
  3960 | D:4      | HP: 12/52 [Pikel/+2 whip of flaming (9)]
  3963 | D:4      | HP: 5/52 [Pikel/+2 whip of flaming (7)]
  3963 | D:4      | HP: 1/52 [Pikel/+2 whip of flaming (4)]
  3967 | D:4      | Slain by Pikel

Illustrated notes

Levels and vault maps discovered:
D:1:      lemuel_arrival_rhombus, layout_basic, dreamdust_princess_corridor,
          minmay_misc_feat_ornament
D:2:      layout_loops_ring, basic_altar, uniq_jessica, uniq_sigmund
D:3:      layout_loops_ring, uniq_crazy_yiuf_cottage
D:4:      minmay_inner_zag, layout_rooms, worldfamousw_hep_ancestral_shrine,
          serial_shops, nicolae_shop_bloodbath_and_beyond, shop, shop,
          kennysheep_mini, grunt_ministairs_8, kennysheep_small_spiral,
          uniq_pikel

Skill      XL: |  1  2  3  4  5  6  7 |
---------------+----------------------+-----
Unarmed Combat | 4 5 6 |  6.1
Transmutations | 4 5 |  5.6
Poison Magic   | 1 |  1.2
Fighting       | |  1.1
Dodging        | |  1.7
Spellcasting   | |  2.0

Action                   |  1- 3 |  4- 6 |  7- 9 || total
-------------------------+-------+-------+-------++-------
Melee: Unarmed           |    92 |    43 |     4 ||   139
       Kick              |     6 |    26 |     7 ||    39
       Headbutt          |     8 |     6 |     4 ||    18
       Tailslap          |     9 |    18 |     5 ||    32
       Club              |       |   123 |    22 ||   145
       Punch             |       |     3 |     1 ||     4
 Cast: Beastly Appendage |    11 |    18 |     5 ||    34
       Wereblood         |       |     3 |       ||     3
       Spider Form       |       |       |     1 ||     1
 Abil: End Transformatio |     8 |    13 |     3 ||    24
       Breathe Lightning |       |       |     2 ||     2
  Use: Potion            |     2 |       |     1 ||     3
       Scroll            |       |    13 |       ||    13
 Stab: Sleeping          |     1 |     1 |       ||     2
Armor: Skin              |    32 |    59 |     6 ||    97
Dodge: Dodged            |    62 |   104 |    25 ||   191

Table legend: (Time is in decaauts)
 A = Elapsed time spent in this place.
 B = Non-inter-level travel time spent in this place.
 C = Inter-level travel time spent in this place.
 D = Time resting spent in this place.
 E = Time spent auto-exploring this place.
 F = Levels seen in this place.
 G = Mean time per level.
                   A        B        C        D        E       F      G
               +--------+--------+--------+--------+--------+-----+--------+
         Total |   4001 |   3894 |    107 |    528 |   2622 |   4 | 1000.2 |
       Dungeon |   4001 |   3894 |    107 |    528 |   2622 |   4 | 1000.2 |
               +--------+--------+--------+--------+--------+-----+--------+

Top non-repeatable levels by time:
     D:3: 1409 daAuts
     D:1: 1063 daAuts
     D:2: 934 daAuts
     D:4: 593 daAuts

Table legend:
 A = Kills in this place as a percentage of kills in entire the game.
 B = Kills by you in this place as a percentage of kills by you in the entire game.
 C = Kills by friends in this place as a percentage of kills by friends in the entire game.
 D = Other kills in this place as a percentage of other kills in the entire game.
 E = Experience gained in this place as a percentage of experience gained in the entire game.
 F = Experience gained in this place divided by the number of levels of this place that you have seen.
                   A       B       C       D       E      F
               +-------+-------+-------+-------+-------+----------------------
         Total | 100.0 | 100.0 |   N/A |   N/A | 100.0 | 208.5
       Dungeon | 100.0 | 100.0 |   N/A |   N/A | 100.0 | 208.5
               +-------+-------+-------+-------+-------+----------------------
